 Dungeon Crawl Stone Soup version 0.29-a0-96-g93358da72b (webtiles) character file.

Game seed: 7645255367490171443

36 Klosterheim the Grasshopper (level 3, 0/28 HPs)
             Began as a Demonspawn Warper on Feb 11, 2022.
             Slain by an adder (3 damage)
             ... on level 2 of the Dungeon.
             The game lasted 00:03:38 (1520 turns).

Klosterheim the Grasshopper (Demonspawn Warper)     Turns: 1520, Time: 00:03:39

Health: 0/28       AC:  3    Str: 13    XL:     3   Next: 19%
Magic:  6/6        EV: 11    Int: 14    God:
Gold:   21         SH:  4    Dex: 12    Spells: 6/6 levels left

rFire   . . .      SeeInvis .   a - +0 hand axe
rCold   . . .      Faith    +   (no shield)
rNeg    . . .      Spirit   .   b - +0 leather armour
rPois   +          Reflect  .   (no helmet)
rElec   .          Harm     .   (no cloak)
rCorr   .          Rampage  .   (no gloves)
Will    .....                   (no boots)
Stlth   +.........              i - amulet of faith
HPRegen 0.09/turn               j - ring of poison resistance
MPRegen 0.10/turn               (no ring)

@: no status effects
A: claws 1, large bone plates 1
a: no special abilities


You were on level 2 of the Dungeon.
You visited 1 branch of the dungeon, and saw 2 of its levels.

You collected 21 gold pieces.

Inventory:

Hand Weapons
 a - a +0 hand axe (weapon)
Missiles
 d - 5 boomerangs of dispersal (quivered)
Armour
 b - a +0 leather armour (worn)
Jewellery
 i - an amulet of faith (around neck)
 j - a ring of poison resistance (left claw)
Scrolls
 c - a scroll of blinking
 f - a scroll of enchant weapon {unknown}
 h - a scroll of summoning {unknown}
 k - a scroll of identify {unknown}
Potions
 e - a potion of brilliance {unknown}
 g - a potion of lignification {unknown}


   Skills:
 + Level 2.3 Fighting
 * Level 2.6 Axes
 - Level 1.0 Throwing
 - Level 1.0 Armour
 - Level 2.0 Dodging
 - Level 2.0 Spellcasting
 - Level 3.0 Translocations


You had 6 spell levels left.
You didn't know any spells.
Your spell library contained the following spells:

 Spells                   Type           Power      Damage    Failure   Level
 Blink                    Tloc           18%        N/A       13%         2
 Gell's Gravitas          Tloc           9%         N/A       26%         3
 Lesser Beckoning         Tloc           9%         N/A       26%         3
 Teleport Other           Tloc           9%         N/A       26%         3
 Sublimation of Blood     Necr           1%         N/A       41%         2
 Wereblood                Tmut           1%         N/A       41%         2
 Manifold Assault         Tloc           9%         N/A       94%         5
 Dispersal                Tloc           4%         N/A       100%        6
 Summon Hydra             Summ           0%         N/A       100%        7


Dungeon Overview and Level Annotations

Branches:
Dungeon (2/15)

Altars:


Innate Abilities, Weirdness & Mutations

You have sharp fingernails.
You are partially covered in large bone plates. (SH +4)


Message History

You are too injured to fight recklessly!
You are too injured to fight recklessly!
You are too injured to fight recklessly!
You are too injured to fight recklessly!
You are too injured to fight recklessly!
You are too injured to fight recklessly!
You are too injured to fight recklessly!
You are too injured to fight recklessly!
You are too injured to fight recklessly!
You are too injured to fight recklessly!
You are too injured to fight recklessly!
You are too injured to fight recklessly!
You are too injured to fight recklessly!
You are too injured to fight recklessly!
You are too injured to fight recklessly!
You are too injured to fight recklessly!
You are too injured to fight recklessly!
You are too injured to fight recklessly!
You are too injured to fight recklessly!
You are too injured to fight recklessly!
The adder closely misses you. The adder bites you but does no damage.
The adder bites you. The adder completely misses you.
The adder closely misses you. The adder bites you but does no damage.
The adder bites you. You block the adder's attack.
You block the adder's attack. The adder closely misses you.
The adder bites you but does no damage. You block the adder's attack.
The adder bites you. The adder bites you.
* * * LOW HITPOINT WARNING * * *
The adder bites you.
* * * LOW HITPOINT WARNING * * *
The adder misses you. The adder closely misses you. The adder bites you.
* * * LOW HITPOINT WARNING * * *
The adder bites you.
You die...

....... ....<.. #.#..
....... #.#.# !......
#... .## ....... #..# ..#
....... #..# ..######
......?####..# #.#...#.
#.....S@..#..# #.......
...######)...####.......
###.########.....(.......
#.....<.## #..###........
#.#####..###..# ##.......
##.>.#..## #.#...#.
#####.....###.†####
.............###.###
#########......<...#


You could see an adder.

Vanquished Creatures
  A dart slug (D:1)
  4 ball pythons
  An endoplasm (D:1)
  A giant cockroach (D:1)
  3 goblins
  5 hobgoblins
  2 quokkas (D:1)
  4 bats (D:1)
  3 frilled lizards (D:1)
  3 kobolds (D:1)
  6 rats
33 creatures vanquished.

Notes
Turn   | Place    | Note
-------+----------+-------------------------------------------
     0 | D:1      | Klosterheim the Demonspawn Warper began the quest for the
                  | Orb.
     0 | D:1      | Reached XP level 1. HP: 16/16 MP: 3/3
   248 | D:1      | Reached skill level 1 in Throwing
   248 | D:1      | Reached skill level 1 in Armour
   465 | D:1      | Gained mutation: You have sharp fingernails. [demonic
                  | ancestry]
   465 | D:1      | Reached XP level 2. HP: 22/22 MP: 5/5
   531 | D:1      | Reached skill level 3 in Translocations
  1172 | D:1      | Gained mutation: You are partially covered in large bone
                  | plates. (SH +4) [demonic ancestry]
  1172 | D:1      | Reached XP level 3. HP: 15/27 MP: 6/6
  1520 | D:2      | Slain by an adder

Illustrated notes

Levels and vault maps discovered:
D:1:      elethiomel_arrival_quiet, layout_basic
D:2:      layout_rooms, shapermc_ecumenical_altar_pompeii

Skill      XL: |  1  2 |
---------------+-------+-----
Axes           | 2 |  2.6
Throwing       | 1 |  1.0
Armour         | 1 |  1.0
Dodging        | 2 |  2.0
Translocations | 3 |  3.0
Fighting       | |  2.3
Spellcasting   | |  2.0

Action                   || total
-------------------------++-------
Melee: Hand axe          ||    99
       Punch             ||     3
Armor: Leather armour    ||    30
Dodge: Dodged            ||    82
Block: Other             ||     8

Table legend: (Time is in decaauts)
 A = Elapsed time spent in this place.
 B = Non-inter-level travel time spent in this place.
 C = Inter-level travel time spent in this place.
 D = Time resting spent in this place.
 E = Time spent auto-exploring this place.
 F = Levels seen in this place.
 G = Mean time per level.
                   A        B        C        D        E       F      G
               +--------+--------+--------+--------+--------+-----+--------+
         Total |   1538 |   1499 |     39 |    106 |   1152 |   2 |  769.0 |
       Dungeon |   1538 |   1499 |     39 |    106 |   1152 |   2 |  769.0 |
               +--------+--------+--------+--------+--------+-----+--------+

Top non-repeatable levels by time:
     D:1: 1473 daAuts
     D:2: 64 daAuts
